 Dungeon Crawl Stone Soup version 0.24.0-123-gd5b16e6ec5 (webtiles) character file.

Game seed: 11133217389602697450, levelgen mode: deterministic

58 Curus the Poker (level 4, -9/33 HPs)
             Began as a Merfolk Gladiator on Dec 28, 2019.
             Was an Initiate of Yredelemnul.
             Mangled by an orc
             ... wielding a +1 hand axe of electrocution
              (20 damage)
             ... on level 2 of the Dungeon.
             The game lasted 00:04:47 (1573 turns).

Curus the Poker (Merfolk Gladiator)                 Turns: 1573, Time: 00:04:47

Health: -9/33      AC:  4    Str: 14    XL:     4   Next: 1%
Magic:  4/4        EV: 19    Int: 10    God:    Yredelemnul [......]
Gold:   80         SH:  0    Dex: 21    Spells: 3/3 levels left

rFire    . . .     SeeInvis .   a - +3 trident
rCold    . . .     Gourm    .   (no shield)
rNeg     . . .     Faith    .   b - +0 leather armour
rPois    .         Spirit   .   g - +0 helmet {Int+3}
rElec    .         Reflect  .   (no cloak)
rCorr    .         Harm     .   (no gloves)
MR       .....                  (no boots)
Stlth    +++.......             (no amulet)
HPRegen  0.11/turn              (no ring)
MPRegen  0.09/turn              (no ring)

@: agile
A: change form in water, swift swim, stealthy swim
a: Renounce Religion


You were on level 2 of the Dungeon.
You worshipped Yredelemnul.
Yredelemnul was noncommittal.
You were not hungry.

You visited 1 branch of the dungeon, and saw 3 of its levels.

You collected 80 gold pieces.

Inventory:

Hand Weapons
 a - a +3 trident (weapon)
Missiles
 d - 3 throwing nets (quivered)
Armour
 b - a +0 leather armour (worn)
 c - a +0 helmet
 g - a +0 helmet of intelligence (worn)
Scrolls
 e - 2 scrolls of enchant weapon
Potions
 i - a potion of might
Comestibles
 f - a ration


   Skills:
 - Level 2.1 Fighting
 + Level 6.9 Polearms
 - Level 2.0 Throwing
 - Level 4.0 Dodging


You had 3 spell levels left.
You didn't know any spells.
Your spell library was empty.

Dungeon Overview and Level Annotations

Branches:
Dungeon (3/15)

Altars:
Cheibriados
Hepliaklqana
Makhleb
Xom
Yredelemnul
The Shining One

Annotations:
D:3 Sigmund


Message History

You closely miss the orc.
The orc is moderately wounded.
The orc closely misses you. Sigmund casts a spell at you.
The puff of flame misses you.
The puff of flame hits the orc!
The orc dies!
You closely miss the orc.
The orc is moderately wounded.
The orc barely misses you.
Sigmund hits you from afar with a +0 scythe!
The orc closely misses you.
The orc hits you with a +1 hand axe of electrocution.
Sigmund completely misses you.
You climb upwards.
There is a stone staircase leading down here.
You closely miss the orc. The orc hits you but does no damage.
You are electrocuted!!
Ouch! That really hurt!
You die...
Your body rises from the dead as a mindless zombie.

#.# #..##_####.# #.##.#..#
##<####..#######.##
###.##.#..# .........#
#.##...# #.....<...#
....###.#####.....#
#.#.......### .#..# #.#
#.#.....# #.####....... .#..#
#.# #......####.## #....###
....# #.#
###....###...###.#.## .##.#
#.######.o.##.....#.#..# .##.#
#(#.......@........###.# ....#
#.#.##.....o......#.#..# .####
#.#.##.##........###.#.#
.######.#.##.##.......####.#.#
..÷....÷.....##).............#
...........................###
......##.....[.......#######
.#######..######.....#
.#######..########.###


You could see 2 orcs.

Vanquished Creatures
  An adder (D:2)
  An ooze (D:2)
  A worm (D:2)
  2 dart slugs
  A leopard gecko (D:2)
  A giant cockroach (D:2)
  8 hobgoblins
  2 jackals (D:1)
  2 ball pythons (D:1)
  3 bats
  4 frilled lizards
  4 goblins
  3 kobolds
  5 rats
38 creatures vanquished.

Vanquished Creatures (others)
  An orc (D:3)
1 creature vanquished.

Grand Total: 39 creatures vanquished

Notes
Turn   | Place    | Note
-------+----------+-------------------------------------------
     0 | D:1      | Curus the Merfolk Gladiator began the quest for the Orb.
     0 | D:1      | Reached XP level 1. HP: 16/16 MP: 1/1
   213 | D:1      | Reached skill level 5 in Polearms
   225 | D:1      | Reached XP level 2. HP: 22/22 MP: 2/2
   794 | D:2      | Reached skill level 6 in Polearms
   794 | D:2      | Reached XP level 3. HP: 11/27 MP: 3/3
  1048 | D:2      | Found a shimmering altar of Xom.
  1049 | D:2      | Found a hazy altar of Hepliaklqana.
  1049 | D:2      | Noticed a bullfrog
  1051 | D:2      | Noticed a bullfrog
  1051 | D:2      | Noticed a spectral ugly thing
  1246 | D:2      | Found a glowing golden altar of the Shining One.
  1255 | D:2      | Found a snail-covered altar of Cheibriados.
  1258 | D:2      | Found a basalt altar of Yredelemnul.
  1266 | D:2      | Became a worshipper of Yredelemnul the Dark
  1434 | D:2      | Found a burning altar of Makhleb.
  1434 | D:2      | Noticed a cacodemon
  1437 | D:2      | Noticed an orange demon
  1437 | D:2      | Noticed a neqoxec
  1560 | D:3      | Noticed Sigmund
  1563 | D:3      | Reached XP level 4. HP: 33/33 MP: 4/4
  1573 | D:2      | Mangled by an orc

Levels and vault maps discovered:
D:1:      shiori_shiawase, layout_basic
D:2:      layout_loops_ring, regret_index_temple_of_mockery,
          minmay_overflow_temple_star_quad, makhleb_altar_promises_db
D:3:      layout_rooms, ebering_ghost_sewer_f, first_ration, tso_metal_star,
          uniq_sigmund

Skill      XL: |  1  2 |
---------------+-------+-----
Polearms       | 5 6 |  6.9
Fighting       | |  2.1
Throwing       | |  2.0
Dodging        | |  4.0

Action                   |  1- 3 |  4- 6 || total
-------------------------+-------+-------++-------
Melee: Trident           |    94 |     8 ||   102
  Use: Scroll            |     8 |       ||     8
       Potion            |     1 |       ||     1
 Stab: Sleeping          |     3 |       ||     3
  Eat: Chunk             |     2 |       ||     2
Armor: Leather armour    |    15 |       ||    15
Dodge: Dodged            |    48 |    10 ||    58
